 Dungeon Crawl Stone Soup version 0.28-a0-1447-ga5a8893891 (webtiles) character file.

Game seed: 12855017345004107961

355 oldriver the Skirmisher (level 6, 0/51 HPs)
             Began as a Formicid Chaos Knight on Jan 11, 2022.
             Was a Plaything of Xom.
             Succumbed to a gnoll's poison
             ... on level 3 of the Dungeon.
             The game lasted 00:02:21 (3390 turns).

oldriver the Skirmisher (Formicid Chaos Knight)     Turns: 3390, Time: 00:02:21

Health: 0/51       AC:  6    Str: 18    XL:     6   Next: 95%
Magic:  6/6        EV: 12    Int: 12    God:    Xom [...*..]
Gold:   121        SH:  0    Dex:  8    Spells: 5/5 levels left

rFire   . . .      SeeInvis +   a - +0 hand axe (chaos)
rCold   . . .      Faith    .   (no shield)
rNeg    . . .      Spirit   .   b - +2 leather armour
rPois   .          Reflect  .   (helmet unavailable)
rElec   .          Harm     .   (no cloak)
rCorr   .          Rampage  .   c - +0 pair of gloves
Will    .....                   (no boots)
Stlth   +.........              (no amulet)
HPRegen 0.17/turn               (no ring)
MPRegen 0.10/turn               (no ring)

@: lethally poisoned (0 -> -21)
A: permanent stasis, dig shafts and tunnels, antennae 3, four strong arms,
clumsy 1
a: Dig, Shaft Self, Renounce Religion


You were on level 3 of the Dungeon.
You worshipped Xom.
You were a favourite toy of Xom.
You visited 1 branch of the dungeon, and saw 5 of its levels.

You collected 121 gold pieces.

Inventory:

Hand Weapons
 a - a +0 hand axe of chaos (weapon)
Armour
 b - a +2 leather armour (worn)
 c - a +0 pair of gloves (worn)
Scrolls
 g - 3 scrolls of identify {unknown}
 i - 2 scrolls of brand weapon {unknown}
 j - a scroll of noise {unknown}
 k - a scroll of enchant weapon {unknown}
 m - a scroll of teleportation {unknown}
Potions
 d - 2 potions of resistance {unknown}
 e - a potion of lignification {unknown}
 f - 2 potions of brilliance {unknown}
 h - a potion of cancellation {unknown}
 l - 2 potions of curing {unknown}
 n - a potion of degeneration {unknown}


   Skills:
 + Level 5.2 Fighting
 + Level 4.8 Axes
 - Level 2.1 Armour
 + Level 3.3 Dodging


You had 5 spell levels left.
You didn't know any spells.
Your spell library contained the following spells:

 Spells                   Type           Power      Damage    Failure   Level
 Ensorcelled Hibernation  Hex/Ice        0%         N/A       52%         2
 Spider Form              Tmut/Pois      0%         N/A       75%         3
 Anguish                  Hex/Necr       0%         N/A       98%         4


Dungeon Overview and Level Annotations

Branches:
Dungeon (5/15)
 Temple: D:4-7

Altars:
Vehumet

Shops:
D:4 (

Annotations:
D:3 1 runed translucent door, Grognak's ghost, amateur MiBe
D:4 3 runed translucent doors, Destinykillz's ghost, amateur DrFi
D:5 Dowan; Duvessa


Innate Abilities, Weirdness & Mutations

You cannot be hasted, slowed, berserked, paralysed or teleported.
You can dig through walls and to a lower floor.
You have a pair of large antennae on your head. (SInv)
Your four strong arms can wield two-handed weapons with a shield.
You are clumsy. (Dex -2)


Message History

You closely miss the gnoll. The gnoll hits you with a +0 spear.
The gnoll barely misses you. The gnoll hits you but does no damage.
You hit the gnoll but do no damage.
The gnoll is poisoned.
The gnoll barely misses you. The gnoll completely misses you.
The gnoll hits you but does no damage.
You hit the gnoll but do no damage.
The gnoll resists with some effort.
Your punch misses the gnoll. The gnoll barely misses you.
The gnoll hits you from afar with a +1 spear of venom.
You are poisoned.
The gnoll hits you from afar with a +0 spear.
You hit the gnoll.
The gnoll seems to grow stronger.
The gnoll is lightly wounded.
You feel very sick. The gnoll hits you but does no damage.
The gnoll barely misses you.
The gnoll hits you from afar with a +0 spear.
The gnoll misses you.
You hit the gnoll but do no damage. You drain the gnoll.
The gnoll is severely wounded.
You feel very sick.
The gnoll hits you from afar with a +1 spear of venom.
You are more poisoned.
The gnoll hits you from afar with a +0 spear.
The gnoll barely misses you.
You feel very sick.
The gnoll hits you from afar with a +1 spear of venom.
You are lethally poisoned!
The gnoll hits you from afar with a +0 spear.
The gnoll hits you with a +0 spear.
* * * LOW HITPOINT WARNING * * *
You climb upwards.
Level annotation: 1 runed translucent door, Grognak's ghost, amateur MiBe
* * * LOW HITPOINT WARNING * * *
You emit a cloud of colourful smoke!
You feel extremely sick.
There is a stone staircase leading down here.
You are too injured to fight recklessly!
You completely miss the gnoll.
The gnoll is severely wounded.
You die...
Xom thinks this is hilarious!

#...# #.##.#..### ######.###
#...# #.........# #.......# #...#
#.........# #.###.#.# #...#
#######...#### #.##..#.# #...#
#.......###.##.##.# #...########
#.#.###.....##.##.# ...........#
#...###...........## ...........#
#.§§).......##.#.... ........[..#
#..@○##.....##.#.###
#...####.#####.g#.##.....##.#.###
#...# #.............######......
#..)# ##########.#### ####.##.
#...# ####.#### #....... #...###
#.......# #....... ......#
##.......## ##..#.#.. #...#.####
##...###...###...#....
##.......###...##W##...<..#####.#


You could see a gnoll (strong, poisoned, drained).

Vanquished Creatures
  A black bear (D:3)
  A necrophage (D:4)
  An ogre (D:4)
  A hound skeleton (D:4)
  A gnoll (D:3)
  4 adders (D:3)
  2 worms
  A dart slug (D:2)
  A bat (D:1)
  3 endoplasms
  A giant cockroach (D:3)
  A goblin (D:4)
  4 hobgoblins
  4 jackals (D:4)
  4 quokkas
  3 ball pythons
  A frilled lizard (D:3)
  5 kobolds
  2 rats (D:1)
41 creatures vanquished.

Notes
Turn   | Place    | Note
-------+----------+-------------------------------------------
     0 | D:1      | oldriver the Formicid Chaos Knight began the quest for the
                  | Orb.
     0 | D:1      | Reached XP level 1. HP: 18/18 MP: 1/1
    27 | D:1      | Reached skill level 1 in Dodging
   183 | D:1      | XOM: noise
   197 | D:1      | Reached XP level 2. HP: 21/24 MP: 2/2
   712 | D:2      | Found a radiant altar of Vehumet.
   723 | D:2      | XOM: silly message
   727 | D:2      | XOM: divination: magic mapping
  1221 | D:2      | XOM: silly message
  1836 | D:3      | Noticed a black bear
  1873 | D:3      | Noticed Grognak's ghost (amateur MiBe)
  1917 | D:3      | Reached XP level 3. HP: 30/30 MP: 3/3
  1941 | D:3      | You fall into a shaft and drop 2 floors!
  1941 | D:5      | XOM: stealth player
  1941 | D:5      | Entered Level 5 of the Dungeon
  1941 | D:5      | Noticed Duvessa
  1941 | D:5      | Noticed Dowan
  2059 | D:4      | Reached XP level 4. HP: 34/37 MP: 4/4
  2146 | D:4      | Found a runed translucent gate.
  2146 | D:4      | Found a runed translucent gate.
  2146 | D:4      | Found a runed translucent gate.
  2160 | D:4      | Found Xaifiodu's Weapon Boutique.
  2168 | D:4      | Reached skill level 4 in Fighting
  2170 | D:4      | Noticed an ogre
  2174 | D:4      | Noticed a necrophage
  2175 | D:4      | Killed an ogre
  2176 | D:4      | Reached XP level 5. HP: 42/43 MP: 5/5
  2189 | D:4      | Killed a necrophage
  2190 | D:4      | Reached XP level 6. HP: 27/50 MP: 6/6
  2488 | D:4      | Noticed Destinykillz's ghost (amateur DrFi)
  2569 | D:3      | Found a faded altar of an unknown god.
  2723 | D:3      | Reached skill level 5 in Fighting
  2778 | D:3      | Found a runed translucent door.
  2804 | D:3      | Killed a black bear
  3047 | D:3      | XOM: give mutations
  3047 | D:3      | Gained mutation: You are clumsy. (Dex -2) [Xom's mischief]
  3047 | D:3      | Gained mutation: You are very clumsy. (Dex -4) [Xom's
                  | mischief]
  3047 | D:3      | Lost mutation: You are very clumsy. (Dex -4) [Xom's
                  | mischief]
  3267 | D:3      | XOM: silly message
  3389 | D:3      | XOM: smoke on damage
  3390 | D:3      | Succumbed to a gnoll's poison

Illustrated notes

Levels and vault maps discovered:
D:1:      minmay_arrival_semitransparent, layout_rooms, serial_forest,
          infiniplex_forest_lined_room_3, infiniplex_forest_lined_room_,
          infiniplex_forest_lined_2, infiniplex_forest_end_2,
          infiniplex_forest_clump_large, infiniplex_forest_join,
          infiniplex_forest_clump_C, infiniplex_forest_end_double,
          infiniplex_forest_clump_diagonal, infiniplex_forest_corner_2
D:2:      layout_basic, basic_altar, ebering_dispersal_statue_hall
D:3:      layout_loops_cross, hellmonk_ghost_happy_afterlife,
          hellmonk_ecumenical_altar_leap_of_faith, kennysheep_crisscross
D:4:      minmay_clustersquares, layout_loops_ring, serial_shops,
          nicolae_diamond_shop, gammafunk_ghost_icy
D:5:      layout_basic, minmay_ruined_shrine, uniq_duvessa, uniq_blork_the_orc,
          uniq_grinder

Skill      XL: |  1  2  3  4  5  6 |
---------------+-------------------+-----
Dodging        | 1 2 3 |  3.3
Fighting       | 4 5 |  5.2
Axes           | 4 |  4.8
Armour         | |  2.1

Action                   |  1- 3 |  4- 6 || total
-------------------------+-------+-------++-------
Melee: Hand axe          |    72 |    92 ||   164
       Punch             |       |     2 ||     2
 Stab: Sleeping          |     1 |       ||     1
       Petrified         |       |     4 ||     4
Armor: Leather armour    |    28 |    34 ||    62
Dodge: Dodged            |    45 |    60 ||   105

Table legend: (Time is in decaauts)
 A = Elapsed time spent in this place.
 B = Non-inter-level travel time spent in this place.
 C = Inter-level travel time spent in this place.
 D = Time resting spent in this place.
 E = Time spent auto-exploring this place.
 F = Levels seen in this place.
 G = Mean time per level.
                   A        B        C        D        E       F      G
               +--------+--------+--------+--------+--------+-----+--------+
         Total |   3409 |   3268 |    141 |    252 |   2562 |   5 |  681.8 |
       Dungeon |   3409 |   3268 |    141 |    252 |   2562 |   5 |  681.8 |
               +--------+--------+--------+--------+--------+-----+--------+

Top non-repeatable levels by time:
     D:2: 1182 daAuts
     D:3: 938 daAuts
     D:1: 693 daAuts
     D:4: 586 daAuts
     D:5: 9 daAuts
